 Dungeon Crawl Stone Soup version 0.31-a0-846-gb3bcc0d938 (webtiles) character file.

Game seed: 18331867973668444168

2459 scionoferis the Cleaver (level 9, -12/81 HPs)
             Began as a Hill Orc Monk on Oct 3, 2023.
             Was a Believer of Beogh.
             Mangled by a red ugly thing (22 damage)
             ... on level 8 of the Dungeon.
             The game lasted 00:30:16 (8300 turns).

scionoferis the Cleaver (Hill Orc Monk)             Turns: 8300, Time: 00:30:17

Health: -12/81     AC:  8    Str: 18    XL:     9   Next: 50%
Magic:  4/9        EV: 11    Int: 10    God:    Beogh [**....]
Gold:   40         SH:  0    Dex: 13    Spells: 8/8 levels left

rFire   . . .        a - +0 hand axe
rCold   . . .        d - orb {light}
rNeg    . . .        l - +0 ring mail
rPois   .            (no helmet)
rElec   .            x - +0 cloak
rCorr   .            L - +0 pair of gloves
SInv    .            (no boots)
Will    +....        k - amulet of magic regeneration
Stlth   +            h - ring of flight
HPRegen 0.33/turn    B - ring of willpower
MPRegen 0.51/turn

%: no passive effects
@: flying, glowing
A: sense surroundings 1, wild magic 1
a: Renounce Religion, Smiting


You were on level 8 of the Dungeon.
You worshipped Beogh.
Beogh was pleased with you.
You visited 1 branch of the dungeon, and saw 8 of its levels.
You also visited: Sewer.

You collected 320 gold pieces.
You spent 280 gold pieces at shops.


Innate Abilities, Weirdness & Mutations

You passively map a small area around you.
Your spells are a little harder to cast, but a little more powerful.


   Skills:
 + Level 8.1 Fighting
 * Level 11.9 Axes
 + Level 3.9 Armour
 - Level 2.4 Dodging
 * Level 5.3 Evocations


You had 8 spell levels left.
You didn't know any spells.
Your spell library contained the following spells:

 Spells                   Type           Power      Damage    Failure   Level
 Slow                     Hex            0%         N/A       63%         1
 Summon Small Mammal      Summ           0%         N/A       63%         1
 Lesser Beckoning         Tloc           0%         N/A       77%         2
 Call Canine Familiar     Summ           0%         N/A       93%         3
 Confusing Touch          Hex            0%         N/A       93%         3
 Gell's Gravitas          Tloc           0%         N/A       93%         3
 Sigil of Binding         Hex            0%         N/A       93%         3
 Summon Guardian Golem    Hex/Summ       0%         N/A       93%         3
 Teleport Other           Tloc           0%         N/A       93%         3
 Vampiric Draining        Necr           0%         2d6       93%         3
 Dispersal                Tloc           0%         N/A       100%        6

Inventory:

Hand Weapons
 a - a +0 hand axe (weapon)
 H - a +1 mace of holy wrath
   (You found it on level 6 of the Dungeon)
Missiles
 g - 27 poisoned darts (quivered)
 J - 2 boomerangs
Armour
 d - an orb of light (worn)
 l - a +0 ring mail (worn)
   (You found it on level 2 of the Dungeon)
 r - a +0 plate armour
   (You found it on level 3 of the Dungeon)
 x - a +0 cloak (worn)
   (You found it on level 4 of the Dungeon)
 z - a scarf of invisibility
   (You found it on level 5 of the Dungeon)
 L - a +0 pair of gloves (worn)
   (You found it on level 6 of the Dungeon)
Jewellery
 h - a ring of flight (left hand)
   (You found it on level 1 of the Dungeon)
 k - an amulet of magic regeneration (around neck)
   (You took it off a kobold on level 2 of the Dungeon)
 n - a ring of wizardry
   (You found it on level 2 of the Dungeon)
 B - a ring of willpower (right hand)
   (You found it on level 5 of the Dungeon)
 K - a ring of resist corrosion
   (You found it on level 6 of the Dungeon)
Wands
 y - a wand of polymorph (8)
   (You found it on level 5 of the Dungeon)
Scrolls
 e - 2 scrolls of fear
 j - a scroll of noise
 o - 2 scrolls of identify
 p - 3 scrolls of enchant weapon
 t - 3 scrolls of teleportation
 u - a scroll of immolation
 C - 3 scrolls of enchant armour
 D - 2 scrolls of poison
 I - a scroll of silence
 M - a scroll of vulnerability
Potions
 b - 2 potions of mutation
 c - a potion of ambrosia
 f - a potion of brilliance {unknown}
 i - 4 potions of curing
 m - 2 potions of resistance
 q - a potion of cancellation {unknown}
 s - a potion of magic {unknown}
 v - a potion of lignification {unknown}
 w - 2 potions of heal wounds
 A - a potion of degeneration {unknown}
 E - 2 potions of invisibility
 F - a potion of haste {unknown}
 G - 2 potions of might

Dungeon Overview and Level Annotations

Branches:
Dungeon (8/15)             Temple (0/1) D:5           Sewer (visited)
   Lair: D:8-11

Altars:
Cheibriados
Kikubaaqudgha
Makhleb
Okawaru
Ru
Sif Muna
Uskayaw
Wu Jian
Yredelemnul
Zin

Shops:
D:3

? . , ###....y... .. .
, .#......o.. ... ....
, ,..........##.#..##
*#...
,.....c.....##..####...
, ..........##...... #.
, ,#.........#....., #.
*, #...u.....#...# *#.
, #@..........# # , ,
*#.....#.....# # ,, *
##..........## # ***
#.......~~~.##### , *
##...###~≈≈≈~.##..
#....##_~~.≈~.....
##..####~≈≈≈~..... ####
##~~~.#.... #####.....


You could see a red ugly thing, a vampire mosquito (wandering), a centaur and an
orc.


Message History

The kobold brigand hits you with a +0 club.
You hit the kobold brigand.
You kill the kobold brigand!
Beogh accepts your kill.
You slash the kobold!
You kill the kobold!
Beogh accepts your kill.
You swing at nothing.
You hit the ice beast but do no damage. The ice beast completely misses you.
You hit the ice beast.
The ice beast is lightly wounded.
The ice beast hits you. The ice beast freezes you!
* * * LOW HITPOINT WARNING * * *
You slash the ice beast!
The ice beast is moderately wounded.
You hit the ice beast.
The ice beast is heavily wounded.
The ice beast hits you but does no damage.
You hit the ice beast.
The ice beast is severely wounded.
The ice beast hits you.
* * * LOW HITPOINT WARNING * * *
The ice beast freezes you.
* * * LOW HITPOINT WARNING * * *
You slash the ice beast!
The ice beast is almost dead.
The ice beast misses you.
You hit the ice beast.
You kill the ice beast!
Beogh accepts your kill.
You swing at nothing.
Items here: )) [[.
Things that are here:
a +0 flail; 2 boomerangs
There is a stone staircase leading up here.
You fly upwards.
There is a stone staircase leading down, spattered with blood here.
You start resting.
HP restored.
You fly downwards.
There is a stone staircase leading up here.
Search for what [Enter for "sewer", or ? for help]? boom
Things that are here:
2 boomerangs; a +0 flail
J - 2 boomerangs
Items here: )) [[.
Things that are here:
a +0 leather armour; a +0 flail You now have 46 gold pieces (gained 7).
g - 27 poisoned darts (gained 4)
Things that are here:
a +0 club; a +0 club; a kobold corpse 2 kobolds come into view.
The kobold shouts! x2
The kobold moves out of view.
The kobold misses you.
You hit the kobold but do no damage. The kobold closely misses you.
You slash the kobold!
You kill the kobold!
Beogh accepts your kill. The kobold hits you but does no damage.
Things that are here:
a +0 club; a kobold corpse You hit the kobold.
The kobold is heavily wounded.
The kobold hits you with a +0 whip.
You hit the kobold.
The kobold is severely wounded.
The kobold closely misses you.
You hit the kobold.
You kill the kobold!
Beogh accepts your kill.
You can now gain orcish followers.
HP restored.
You see here a +0 whip.
You pick up a book of Displacement and begin reading...
You add the spells Lesser Beckoning, Gell's Gravitas and Teleport Other to your library.
You see here a +0 whip.
Things that are here:
a +0 club; a kobold corpse
Things that are here:
a +0 club; a +0 club; a kobold skeleton
Things that are here:
a +0 leather armour; a +0 flail
Items here: )) [[.
You see here a +0 flail.
Found an escape hatch in the ceiling.
There is an escape hatch in the ceiling here.
You reach down and open the door.
Found a burning altar of Makhleb and a basalt altar of Yredelemnul.
There is an open door here.
There is a fountain of clear blue water here.
You now have 57 gold pieces (gained 11).
There is a fountain of clear blue water here.
There is an open door here.
The orc priest falls on its knees before you.
It asks, "Are you our saviour?"
An orc priest comes into view.
It is wielding a +2 whip of electrocution.
Your orc priest hits something with a +2 whip of electrocution!!
Beogh accepts your kill.
You feel a bit more experienced.
Unknown command.
Found a dagger.
Your orc priest begins to cast a cantrip, but forgets the words!
An orc comes into view. It is wielding a +0 club.
The orc shouts!
The orc closely misses your orc priest.
Your orc priest calls down the wrath of Beogh upon the orc.
The orc is smitten.
The orc dies!
Beogh accepts your kill.
You swap places.
Things that are here:
a +0 dagger; a +0 robe You see here a +0 club.
Found a stone staircase leading down.
A water moccasin is nearby!
Your orc priest mumbles some strange prayers to Beogh against the water moccasin.
The water moccasin writhes in agony!
You hit the water moccasin but do no damage.
The water moccasin is moderately wounded.
The water moccasin bites you.
You slash the water moccasin!
The water moccasin is severely wounded.
Your orc priest hits the water moccasin with a +2 whip of electrocution.
Lightning courses through the water moccasin!!
The water moccasin dies!
Beogh accepts your kill.
Your orc priest looks more experienced.
You see here a water moccasin corpse.
A gnoll comes into view. It is wielding a +0 flail.
The gnoll shouts!
What are your orders? t - Shout!
Orders for allies: a - Attack new target. r - Retreat! s - Stop attacking. g - Guard the area. f - Follow me.
Anything else - Cancel.
Retreat in which direction?
Press: ? - help, Dir - move target Fall back!
A gnoll sergeant comes into view. It is wielding a +0 spear.
A gnoll comes into view. It is wielding a +0 flail.
The gnoll sergeant shouts!
You hit the gnoll.
The gnoll is lightly wounded.
The gnoll hits you with a +0 flail.
You barely miss the gnoll.
The gnoll is lightly wounded.
You hit the gnoll but do no damage.
The gnoll is lightly wounded.
The gnoll closely misses you. What are your orders? t - Shout!
Orders for allies: a - Attack new target. r - Retreat! s - Stop attacking. g - Guard the area. f - Follow me.
Anything else - Cancel.
Follow me!
The gnoll sergeant closely misses you.
A gnoll comes into view. It is wielding a +0 flail.
A gnoll comes into view. It is wielding a +0 whip.
The gnoll hits you with a +0 flail!
The gnoll shouts! x2
You hit the gnoll.
The gnoll is heavily wounded.
The gnoll sergeant misses you. The gnoll barely misses you.
You hit the gnoll but do no damage.
The gnoll is heavily wounded.
The gnoll sergeant hits you from afar with a +0 spear!
The gnoll misses you.
You hit the gnoll but do no damage.
The gnoll is heavily wounded.
The gnoll sergeant hits you from afar with a +0 spear.
You hit the gnoll but do no damage.
The gnoll is heavily wounded.
The gnoll hits you with a +0 flail!
You barely miss the gnoll.
The gnoll is heavily wounded.
The gnoll sergeant hits you from afar with a +0 spear!
The gnoll closely misses you.
You barely miss the gnoll.
The gnoll is heavily wounded.
The gnoll sergeant hits you from afar with a +0 spear!
The gnoll hits you but does no damage.
You hit the gnoll.
The gnoll is severely wounded.
The gnoll sergeant hits you from afar with a +0 spear!
* * * LOW HITPOINT WARNING * * *
You completely miss the gnoll.
The gnoll is severely wounded.
You hit the gnoll. The gnoll closely misses you.
Okay, then.
Press: ? - help, v - describe, . - travel
Here: a gnoll sergeant, wielding a +0 spear and wearing a +0 scale mail (haloed)
The floor, spattered with blood.
Unknown command.
As you read the scroll of fear, it crumbles to dust.
You assume a fearsome visage.
The gnoll sergeant looks frightened!
The gnoll looks frightened! x2
What are your orders? t - Shout!
Orders for allies: a - Attack new target. r - Retreat! s - Stop attacking. g - Guard the area. f - Follow me.
Anything else - Cancel.
Follow me!
The gnoll hits your orc priest with a +0 flail.
There is a stone staircase leading up here.
You swap places.
You slash the gnoll!
The gnoll is severely wounded.
The gnoll barely misses you.
You hit the gnoll.
The gnoll is almost dead.
The gnoll hits you with a +0 flail!
* * * LOW HITPOINT WARNING * * *
Your orc priest looks encouraged for a moment.
You hit the gnoll.
You kill the gnoll!
Beogh accepts your kill.
You hit the gnoll but do no damage.
The gnoll is severely wounded.
The gnoll hits you with a +0 flail!
* * * LOW HITPOINT WARNING * * *
You hit the gnoll.
The gnoll is severely wounded.
The gnoll barely misses you.
You hit the gnoll.
You kill the gnoll!
Beogh accepts your kill.
You swap places.
There is a stone staircase leading up here.
You fly upwards.
There is a stone staircase leading down, spattered with blood here.
You start resting.
Your orc priest suddenly cheers.
HP restored.
You fly downwards.
There is a stone staircase leading up here.
Things that are here:
a +0 flail; a +0 flail; a gnoll corpse The gnoll writhes in agony!
The gnoll dies!
Beogh accepts your kill.
You see here a +0 whip.
The gnoll sergeant hits you with a +0 spear!
You hit the gnoll sergeant but do no damage.
You hit the gnoll. The gnoll sergeant barely misses you.
The gnoll hits you with a +0 flail!
You hit the gnoll sergeant but do no damage.
You hit the gnoll but do no damage.
The gnoll sergeant hits you with a +0 spear.
You hit the gnoll sergeant but do no damage.
You barely miss the gnoll. The gnoll hits you with a +0 flail.
Your orc priest hits the gnoll sergeant but does no damage.
You hit the gnoll sergeant.
The gnoll sergeant is lightly wounded.
You hit the gnoll but do no damage.
The gnoll sergeant hits you with a +0 spear.
The gnoll barely misses you.
You hit the gnoll sergeant but do no damage.
The gnoll sergeant is lightly wounded.
You hit the gnoll.
Your orc priest looks encouraged for a moment.
The gnoll sergeant closely misses you. The gnoll closely misses you.
You hit the gnoll sergeant but do no damage.
The gnoll sergeant is lightly wounded.
You hit the gnoll but do no damage.
Your orc priest hits the gnoll sergeant with a +2 whip of electrocution.
You hit the gnoll sergeant.
The gnoll sergeant is moderately wounded.
You hit the gnoll. The gnoll sergeant barely misses you. The gnoll misses you.
Your orc priest hits the gnoll sergeant but does no damage.
You completely miss the gnoll sergeant.
The gnoll sergeant is moderately wounded.
You hit the gnoll but do no damage.
The gnoll sergeant hits you with a +0 spear.
The gnoll closely misses you.
You hit the gnoll sergeant but do no damage.
The gnoll sergeant is moderately wounded.
You hit the gnoll.
Your orc priest hits the gnoll sergeant but does no damage.
The gnoll sergeant hits you with a +0 spear.
The gnoll hits you but does no damage.
You hit the gnoll sergeant but do no damage.
The gnoll sergeant is moderately wounded.
You slash the gnoll!
You kill the gnoll!
Beogh accepts your kill.
Your orc priest hits the gnoll sergeant with a +2 whip of electrocution.
You hit the gnoll sergeant but do no damage.
The gnoll sergeant is heavily wounded.
The gnoll sergeant closely misses you.
Your orc priest hits the gnoll sergeant but does no damage.
You slash the gnoll sergeant!
The gnoll sergeant is severely wounded.
The gnoll sergeant hits you with a +0 spear.
You barely miss the gnoll sergeant.
The gnoll sergeant is severely wounded.
Your orc priest hits the gnoll sergeant but does no damage.
Lightning courses through the gnoll sergeant!
The gnoll sergeant dies!
Beogh accepts your kill.
Your orc priest looks more experienced.
You start resting.
HP restored.
Things that are here:
a +0 spear; a +0 scale mail
There is an escape hatch in the floor here.
Found 6 stones.
Found a glowing silver altar of Zin.
Found a diamond ring.
Found 13 gold pieces.
An iguana comes into view.
The iguana hisses angrily.
You see here a ring of resist corrosion.
K - a ring of resist corrosion You hit the iguana but do no damage.
Your orc priest begins to cast a cantrip, but forgets the words!
You barely miss the iguana. The iguana closely misses you.
You hit the iguana.
The iguana is lightly wounded.
The iguana bites you but does no damage.
You hit the iguana but do no damage.
The iguana is lightly wounded.
You hit the iguana.
The iguana is lightly wounded.
The iguana bites you.
You barely miss the iguana.
The iguana is lightly wounded.
The iguana barely misses you.
You slash the iguana!
The iguana is heavily wounded.
The iguana bites you but does no damage.
You hit the iguana but do no damage.
The iguana is heavily wounded.
You hit the iguana.
The iguana is heavily wounded.
The iguana bites you.
You slash the iguana!
You kill the iguana!
Beogh accepts your kill.
You see here an iguana corpse.
Found a stone staircase leading down.
You now have 70 gold pieces (gained 13).
o - 7 scrolls labelled FUIBBOHA KIAPT (gained 1)
You pick up a There-And-Back Book and begin reading...
You add the spell Dispersal to your library.
t - 5 scrolls of teleportation (gained 1)
You swap places.
Found a pair of gloves.
A hound comes into view.
The hound bites you.
You hit the hound.
The hound is moderately wounded.
The hound misses you.
You hit the hound but do no damage.
The hound is moderately wounded.
The hound bites you but does no damage.
You hit the hound but do no damage.
The hound is moderately wounded.
The hound closely misses you.
You hit the hound.
The hound is heavily wounded.
The hound bites you.
You hit the hound.
The hound is heavily wounded.
The hound bites you but does no damage.
You hit the hound.
The hound is severely wounded.
The hound misses you.
You hit the hound.
You kill the hound!
Beogh accepts your kill.
You see here a hound corpse.
You see here a +0 pair of gloves.
L - a +0 pair of gloves You start putting on your armour.
You continue putting on your +0 pair of gloves. x4
You finish putting on your +0 pair of gloves.
You swap places.
There is an open door here.
You reach down and open the door.
There is an open door here.
There is an open door here.
There is an open door here.
Found a dagger.
There is an open door here.
There is an open door here.
There is an open door here.
There is an open door here.
Done exploring.
You swap places.
There is a stone staircase leading down here.
You have 70 gold pieces.
Unknown command.
Search for what [Enter for "boom", or ? for help]? shop What are your orders? t - Shout!
Orders for allies: a - Attack new target. r - Retreat! s - Stop attacking. g - Guard the area. f - Follow me.
Anything else - Cancel.
Guard this area!
Search for what [Enter for "shop", or ? for help]? shop You see here a +0 flail.
You see here a +0 whip.
Things that are here:
a +0 flail; a +0 flail
There is a stone staircase leading up here.
You fly upwards.
There is a stone staircase leading down, spattered with blood here.
There is a stone staircase leading up here.
You fly upwards.
There is a stone staircase leading down here.
There is a stone staircase leading up here.
You fly upwards.
There is a stone staircase leading down here.
There is an open door here.
There is a large open door here.
There is an entrance to Keckoergh's Magic Scroll Boutique here.
M - a scroll of vulnerability;
o - 8 scrolls of identify (gained 1) Thank you for shopping at Keckoergh's Magic Scroll Boutique!
Unknown command.
Unknown command.
What level of the Dungeon? (default 3, ? - help)
There is a fountain of clear blue water here.
There is an ornate altar of the Wu Jian Council here.
There is a large open door here.
There is an open door here.
There is a stone staircase leading down here.
You fly downwards.
There is a stone staircase leading up here.
You see here a +0 ring mail.
There is a stone staircase leading down here.
You fly downwards.
There is a stone staircase leading up here.
There is a stone staircase leading down, spattered with blood here.
You fly downwards.
There is a stone staircase leading up here.
What are your orders? t - Shout!
Orders for allies: a - Attack new target. r - Retreat! s - Stop attacking. g - Guard the area. f - Follow me.
Anything else - Cancel.
Follow me!
You swap places.
There is a stone staircase leading down here.
Unknown command.
As you read the scroll of identify, it crumbles to dust.
D - 2 scrolls of poison
As you read the scroll of identify, it crumbles to dust.
j - a scroll of noise
As you read the scroll of identify, it crumbles to dust.
u - a scroll of immolation
As you read the scroll of identify, it crumbles to dust.
I - a scroll of silence
As you read the scroll of identify, it crumbles to dust.
w - 3 potions of heal wounds
As you read the scroll of identify, it crumbles to dust.
E - 2 potions of invisibility
As you read the scroll of identify, it crumbles to dust.
G - 2 potions of might
Okay, then.
Unknown command.
What are your orders? t - Shout!
Orders for allies: a - Attack new target. r - Retreat! s - Stop attacking. g - Guard the area. f - Follow me.
Anything else - Cancel.
Guard this area!
You fly downwards.
The howler monkey howls! x3; You hear an angry growl.
Found 7 stones.
Found a stone staircase leading down.
There is a stone staircase leading up here.
The howler monkey hoots and howls with incredible vigour! x2
You hear a shout! x4
You fly upwards.
Your orc priest hits the howler monkey with a +2 whip of electrocution! x2
There is a stone staircase leading down here.
You slash the howler monkey!
You kill the howler monkey!
Beogh accepts your kill.
No target in view!
You fly downwards.
The howler monkey hits you but does no damage.
The howler monkey hits you.
The howler monkey hoots and howls with incredible vigour!
You hear a shout!
You hear an angry growl.
You hear a shout! x3
There is a stone staircase leading up here.
You fly upwards.
Your orc priest completely misses the howler monkey.
There is a stone staircase leading down here.
You barely miss the howler monkey.
Your orc priest hits the howler monkey with a +2 whip of electrocution.
The howler monkey hits you.
You hit the howler monkey.
The howler monkey is severely wounded.
The howler monkey hits you.
Your orc priest hits the howler monkey with a +2 whip of electrocution!
The howler monkey dies!
Beogh accepts your kill.
You fly downwards.
The howler monkey hits you. The howler monkey barely misses you.
There is a stone staircase leading up here.
The howler monkey closely misses you.
You fly upwards.
Your orc priest looks encouraged for a moment.
There is a stone staircase leading down, spattered with blood here.
You hit the howler monkey.
The howler monkey is lightly wounded.
The howler monkey hoots and howls with incredible vigour!
Your orc priest begins to cast a cantrip, but forgets the words!
You slash the howler monkey!
The howler monkey is severely wounded.
The howler monkey hits you.
You barely miss the howler monkey.
The howler monkey is severely wounded.
The howler monkey hits you but does no damage.
You hit the howler monkey but do no damage.
The howler monkey is severely wounded.
Your orc priest calls down the wrath of Beogh upon the howler monkey.
The howler monkey writhes in agony!
The howler monkey dies!
Beogh accepts your kill.
Your orc priest looks more experienced.
Your Evocations skill increases to level 5!
You start resting.
HP restored.
You fly downwards.
The orc falls on its knees before you. It asks, "Are you our saviour?"
Your orc barely misses the black bear.
There is a stone staircase leading up here.
Unknown command.
The black bear bites you! The black bear claws you. x2
Your orc hits the black bear with a +0 club.
You fly upwards.
Your orc priest calls down the wrath of Beogh upon the black bear.
The black bear is smitten.
There is a stone staircase leading down, spattered with blood here.
You hit the black bear.
The black bear is heavily wounded.
The black bear closely misses you. The black bear claws you.
The black bear barely misses you.
You hit the black bear.
The black bear is severely wounded.
Your orc priest hits the black bear with a +2 whip of electrocution.
You hit the black bear but do no damage.
The black bear is almost dead.
The black bear bites you but does no damage.
The black bear claws you but does no damage.
The black bear barely misses you.
Your orc priest hits the black bear with a +2 whip of electrocution.
You slash the black bear!
You kill the black bear!
Beogh accepts your kill. What are your orders? t - Shout!
Orders for allies: a - Attack new target. r - Retreat! s - Stop attacking. g - Guard the area. f - Follow me.
Anything else - Cancel.
Follow me!
You fly downwards.
There is a stone staircase leading up here.
Found 21 gold pieces.
You now have 31 gold pieces (gained 21).
Unknown command.
You start resting.
HP restored.
A phantom comes into view.
A sleepcap comes into view.
The sleepcap misses you.
You slash the sleepcap!
The sleepcap is moderately damaged.
You hit the sleepcap.
The sleepcap is moderately damaged.
The sleepcap releases spores at you.
You hit the sleepcap but do no damage.
The sleepcap is moderately damaged.
The sleepcap releases spores at you.
You are engulfed in a cloud of soporific spores!
You fall asleep.
Your orc priest hits the phantom with a +2 whip of electrocution.
The sleepcap releases spores at you!
You wake up.
The phantom barely misses you.
Your orc priest hits the phantom with a +2 whip of electrocution.
You hit the sleepcap but do no damage.
The sleepcap is moderately damaged.
You barely miss the phantom. You hit the sleepcap but do no damage.
The sleepcap is moderately damaged.
You slash the phantom! The phantom closely misses you.
The sleepcap closely misses you.
Your orc priest closely misses the phantom.
Unknown command.
You hit the sleepcap but do no damage.
The sleepcap is moderately damaged.
You hit the phantom but do no damage. The phantom hits you.
The sleepcap releases spores at you.
You are engulfed in a cloud of soporific spores!
You are unaffected.
Your orc priest barely misses the phantom.
You hit the sleepcap.
The sleepcap is heavily damaged.
You barely miss the phantom. The sleepcap barely misses you.
The phantom hits you.
The phantom blinks!
You blink.
Found a scroll of identify.
Unknown command.
You hit the phantom but do no damage.
The phantom is severely damaged.
Your orc priest looks braver for a moment.
You hit the phantom.
The phantom is severely damaged.
The phantom hits you.
Unknown command.
You hit the phantom but do no damage.
The phantom is severely damaged.
The phantom closely misses you.
You hit the phantom.
The phantom is almost destroyed.
You barely miss the phantom.
The phantom is almost destroyed.
The phantom hits you but does no damage.
You slash the phantom!
You destroy the phantom!
Beogh accepts your kill.
You hit the sleepcap but do no damage.
Your orc hits the sleepcap with a +0 club.
The sleepcap releases spores at you.
You are engulfed in a cloud of soporific spores!
You fall asleep.
Your orc priest mumbles some strange prayers to Beogh against the sleepcap.
The sleepcap is smitten.
The sleepcap is destroyed!
Beogh accepts your kill.
Your Fighting skill increases to level 8!
You wake up.
You start resting.
A skeletal warrior comes into view. It is wielding a +0 scimitar.
Your orc priest hits the skeletal warrior but does no damage.
What are your orders? t - Shout!
Orders for allies: a - Attack new target. r - Retreat! s - Stop attacking. g - Guard the area. f - Follow me.
Anything else - Cancel.
Retreat in which direction?
Press: ? - help, Dir - move target Fall back!
The skeletal warrior hits your orc priest with a +0 scimitar!
Aiming: Smiting
Press: ? - help, Dir - move target, f - skeletal warrior Smite: a skeletal warrior, wielding a +0 scimitar You smite the skeletal warrior!
The skeletal warrior is lightly damaged.
Aiming: Smiting
Press: ? - help, Dir - move target, f/p - skeletal warrior Smite: a skeletal warrior, wielding a +0 scimitar (lightly damaged, haloed)
Okay, then.
What are your orders? t - Shout!
Orders for allies: a - Attack new target. p - Attack previous target. r - Retreat! s - Stop attacking. g - Guard the area. f - Follow me.
Anything else - Cancel.
Guard this area!
Aiming: Smiting
Press: ? - help, Dir - move target, f/p - skeletal warrior Smite: a skeletal warrior, wielding a +0 scimitar (lightly damaged, ally target, haloed)
You smite the skeletal warrior!
The skeletal warrior is moderately damaged.
Aiming: Smiting
Press: ? - help, Dir - move target, f/p - skeletal warrior Smite: a skeletal warrior, wielding a +0 scimitar (moderately damaged, ally target, haloed)
You smite the skeletal warrior!
The skeletal warrior is heavily damaged.
Your orc closely misses the skeletal warrior.
A skeletal warrior comes into view. It is wielding a +0 scimitar.
The skeletal warrior hits you with a +0 scimitar!
Your orc priest hits the skeletal warrior but does no damage.
You don't have enough magic at the moment.
Unknown command.
Unknown command.
Okay, then.
What are your orders? t - Shout!
Orders for allies: a - Attack new target. p - Attack previous target. r - Retreat! s - Stop attacking. g - Guard the area. f - Follow me.
Anything else - Cancel.
Retreat in which direction?
Press: ? - help, Dir - move target, p - skeletal warrior Fall back!
Something hits your orc priest!
The skeletal warrior closely misses you.
The skeletal warrior closely misses your orc priest.
Unknown command.
Okay, then.
Unknown command.
As you read the scroll of teleportation, it crumbles to dust.
You feel strangely unstable.
The skeletal warrior hits you with a +0 scimitar.
Something misses your orc priest.
A gnoll comes into view. It is wielding a +0 halberd.
The skeletal warrior attacks as it pursues you!
The skeletal warrior completely misses you.
The skeletal warrior attacks as it pursues you!
The skeletal warrior hits you with a +0 scimitar!
* * * LOW HITPOINT WARNING * * *
Found a stone staircase leading down.
Your surroundings suddenly seem different.
A gnoll bouda and a gnoll come into view.
Found 2 sedimented coppery potions.
The gnoll shouts!
A hound comes into view.
A gnoll comes into view. It is wielding a +0 whip.
A white imp comes into view.
The gnoll shouts!
The gnoll bouda barks out a call to the hunt!
The gnolls pick up the pace!
The gnoll attacks as it pursues you! The gnoll closely misses you.
The gnoll barely misses you.
Found 4 stones.
The hound bites you.
* * * LOW HITPOINT WARNING * * *
The hound bites you.
* * * LOW HITPOINT WARNING * * *
The gnoll attacks as it pursues you!
The gnoll hits you from afar with a +0 halberd.
* * * LOW HITPOINT WARNING * * *
You can no longer gain orcish followers.
The hound bites you but does no damage.
You feel much better.
The hound bites you but does no damage. x2
Okay, then.
You closely miss the hound. The hound barely misses you.
You hit the hound but do no damage. The hound bites you.
You hit the hound.
The hound is moderately wounded.
The hound completely misses you.
You barely miss the hound.
The hound is moderately wounded.
The hound closely misses you.
You hit the hound.
The hound is heavily wounded.
The hound bites you.
You barely miss the hound.
The hound is heavily wounded.
The hound closely misses you.
You hit the hound.
The hound is heavily wounded.
The hound closely misses you.
You hit the hound.
The hound is severely wounded.
The hound barely misses you.
You hit the hound but do no damage.
The hound is severely wounded.
The hound bites you.
You slash the hound!
You kill the hound!
Beogh accepts your kill.
The gnoll bouda barks out a call to the hunt!
You hit the white imp.
The white imp is heavily wounded.
You hit the white imp.
The white imp is heavily wounded.
The white imp gestures at you. The puff of frost hits you.
The gnoll barely misses you.
A bullfrog comes into view.
The bullfrog gives a loud, deep croak!
The white imp gestures at you. The puff of frost hits you.
The gnoll is no longer moving quickly.
The white imp shouts, "Back with thee, thou ducking sow-suckled mendicant!"
The white imp gestures at you. The puff of frost hits you.
The white imp gestures at you. The puff of frost hits you.
The bullfrog misses you. The bullfrog misses you.
The gnoll bouda barks out a call to the hunt!
An iguana comes into view.
The iguana hisses angrily.
The bullfrog snags a nearby fly with its tongue.
The gnoll bouda gazes fiercely through you!
You feel your attacks grow feeble. The white imp gestures at you.
The puff of frost hits you.
The bullfrog hits you but does no damage.
As you read the scroll of teleportation, it crumbles to dust.
You feel strangely unstable.
The bullfrog swells and bulges.
The bullfrog barely misses you.
An orc comes into view. It is wielding a +0 flail.
The orc shouts!
The bullfrog hits you but does no damage.
Your surroundings suddenly seem different.
Your attacks no longer feel as feeble.
A gnoll comes into view. It is wielding a +0 flail.
Found a stone staircase leading down.
The gnoll shouts!
The gnoll attacks as it pursues you!
The gnoll hits you from afar with a +0 halberd.
* * * LOW HITPOINT WARNING * * *
The gnoll attacks as it pursues you!
The gnoll hits you from afar with a +0 halberd!
* * * LOW HITPOINT WARNING * * *
There is a stone staircase leading down here.
You fly downwards.
There is a stone staircase leading up here.
You start resting.
HP restored.
Found 9 gold pieces.
Found a stone staircase leading down.
Found a scroll of identify.
You now have 40 gold pieces (gained 9).
o - 2 scrolls of identify (gained 1)
Okay, then.
Unknown command.
Found 7 stones.
A dart slug comes into view.
The dart slug launches a dart at you. The slug dart hits you.
The dart slug launches a dart at you. The slug dart misses you.
Found a snail-covered altar of Cheibriados.
The dart slug launches a dart at you. The slug dart hits you.
The dart slug closely misses you.
You slash the dart slug!
The dart slug is almost dead.
You hit the dart slug.
You kill the dart slug!
Beogh accepts your kill.
A wyvern comes into view.
The wyvern hisses angrily.
The wyvern moves out of view.
Throw: 27 darts (poison)
Press: ? - help, Q - select action, (/) - cycle Shift-Dir - straight line, f - wyvern
Aim: a wyvern (59% to hit)
You throw a poisoned dart. The poisoned dart hits the wyvern.
The wyvern is poisoned.
The wyvern hisses menacingly.
Throw: 26 darts (poison)
Press: ? - help, Q - select action, (/) - cycle Shift-Dir - straight line, f/p - wyvern
Aim: a wyvern (poisoned, haloed, 78% to hit)
You throw a poisoned dart. The poisoned dart hits the wyvern.
The wyvern looks even sicker.
Unknown command.
Throw: 25 darts (poison)
Press: ? - help, Q - select action, (/) - cycle Shift-Dir - straight line, f/p - wyvern
Aim: a wyvern (lightly wounded, very poisoned, haloed, 78% to hit)
You throw a poisoned dart. The poisoned dart hits the wyvern.
The wyvern looks even sicker.
The wyvern is lightly wounded.
The wyvern misses you.
You hit the wyvern but do no damage.
The wyvern is lightly wounded.
The wyvern bites you!
You hit the wyvern.
The wyvern is moderately wounded.
The wyvern bites you!
You hit the wyvern but do no damage.
The wyvern is moderately wounded.
The wyvern barely misses you.
You hit the wyvern but do no damage.
The wyvern is moderately wounded.
The wyvern bites you!
You are too injured to fight recklessly!
You hit the wyvern.
The wyvern is heavily wounded.
The wyvern closely misses you.
You hit the wyvern but do no damage.
The wyvern is heavily wounded.
The wyvern bites you but does no damage.
You hit the wyvern but do no damage.
The wyvern is severely wounded.
The wyvern barely misses you.
You hit the wyvern but do no damage.
The wyvern is severely wounded.
The wyvern bites you.
You hit the wyvern.
The wyvern is severely wounded.
The wyvern bites you!
* * * LOW HITPOINT WARNING * * *
You hit the wyvern.
The wyvern is almost dead.
The wyvern barely misses you.
You hit the wyvern but do no damage.
The wyvern is almost dead.
The wyvern bites you but does no damage.
You hit the wyvern.
The wyvern is almost dead.
The wyvern bites you!
* * * LOW HITPOINT WARNING * * *
You barely miss the wyvern.
The wyvern is almost dead.
You kill the wyvern!
Beogh accepts your kill.
You start resting.
HP restored.
Search for what [Enter for "shop", or ? for help]? d: Unknown command.
Search for what [Enter for "d:", or ? for help]? brand Unknown command.
g - 25 poisoned darts (gained 1)
g - 26 poisoned darts (gained 1)
g - 27 poisoned darts (gained 1)
A red ugly thing comes into view.
The red ugly thing gurgles horribly!
Unknown command.
Aiming: Smiting
Press: ? - help, Dir - move target, f - red ugly thing Smite: a red ugly thing You smite the red ugly thing!
The red ugly thing is lightly wounded.
Aiming: Smiting
Press: ? - help, Dir - move target, f/p - red ugly thing Smite: a red ugly thing (lightly wounded)
You fail to use your ability.
Aiming: Smiting
Press: ? - help, Dir - move target, f/p - red ugly thing Smite: a red ugly thing (lightly wounded)
You fail to use your ability.
Aiming: Smiting
Press: ? - help, Dir - move target, f/p - red ugly thing Smite: a red ugly thing (lightly wounded, haloed)
You fail to use your ability.
Aiming: Smiting
Press: ? - help, Dir - move target, f/p - red ugly thing Smite: a red ugly thing (lightly wounded, haloed)
You smite the red ugly thing!
The red ugly thing is moderately wounded.
Aiming: Smiting
Press: ? - help, Dir - move target, f/p - red ugly thing Smite: a red ugly thing (moderately wounded, haloed)
You fail to use your ability.
A centaur comes into view.
The red ugly thing barely misses you.
Aiming: Smiting
Press: ? - help, Dir - move target, f/p - red ugly thing Smite: a red ugly thing (moderately wounded, haloed)
You smite the red ugly thing!
The red ugly thing is moderately wounded.
The centaur shouts!
The centaur wields a +0 orcbow.
The centaur shoots an arrow.
The arrow hits you. The red ugly thing tail-slaps you.
You are engulfed in flames!
The centaur shoots an arrow.
The arrow hits you but does no damage.
You hear a shout!
Unknown command.
Aiming: Smiting
Press: ? - help, Dir - move target, f/p - red ugly thing Smite: a red ugly thing (moderately wounded, haloed)
You smite the red ugly thing!
The red ugly thing is heavily wounded.
The red ugly thing tail-slaps you.
You are engulfed in flames!
Unknown command.
You don't have enough magic at the moment.
Unknown command.
Unknown command.
You hit the red ugly thing.
The red ugly thing is heavily wounded.
The centaur shoots an arrow.
The arrow closely misses you. The red ugly thing closely misses you.
You slash the red ugly thing!
The red ugly thing is severely wounded.
The red ugly thing barely misses you.
You hit the red ugly thing but do no damage.
The red ugly thing is severely wounded.
The centaur shoots an arrow.
The arrow hits you!
You completely miss the red ugly thing.
The red ugly thing is severely wounded.
The centaur shoots an arrow.
The arrow closely misses you.
The red ugly thing tail-slaps you but does no damage.
You hear a shout!
You hit the red ugly thing.
The red ugly thing is severely wounded.
The centaur shoots an arrow.
The arrow barely misses you. The red ugly thing tail-slaps you!
You are engulfed in flames!
* * * LOW HITPOINT WARNING * * *
You slash the red ugly thing!
The red ugly thing is severely wounded.
The centaur shoots an arrow.
The arrow barely misses you.
The red ugly thing tail-slaps you but does no damage.
You hit the red ugly thing but do no damage.
The red ugly thing is severely wounded.
The centaur shoots an arrow.
The arrow hits you but does no damage.
An orc comes into view. It is wielding a +0 dagger.
The centaur shoots an arrow.
The arrow hits you!
* * * LOW HITPOINT WARNING * * *
You hit the red ugly thing.
The red ugly thing is almost dead.
The red ugly thing tail-slaps you but does no damage.
You hit the red ugly thing.
The red ugly thing is almost dead.
A vampire mosquito comes into view.
The red ugly thing tail-slaps you.
* * * LOW HITPOINT WARNING * * *
You are engulfed in flames!!
You die...

Skill      XL: |  1  2  3  4  5  6  7  8  9 |
---------------+----------------------------+-----
Fighting       | 4 5 6 7 8 |  8.1
Axes           | 5 6 7 8 9 11 | 11.9
Evocations     | 1 4 5 |  5.3
Armour         | 1 3 |  3.9
Dodging        | |  2.4

Action                     |  1- 3 |  4- 6 |  7- 9 || total
---------------------------+-------+-------+-------++-------
  Melee: Hand axe          |   116 |   195 |   386 ||   697
  Throw: Dart              |       |     2 |    14 ||    16
 Invoke: Convert to Beogh  |       |       |     1 ||     1
         Smiting           |       |       |     7 ||     7
    Use: Potion            |       |     3 |     2 ||     5
         Scroll            |       |       |    12 ||    12
 Armour: Robe              |    22 |       |       ||    22
         Leather armour    |    23 |       |       ||    23
         Ring mail         |    11 |   119 |   225 ||   355
  Dodge: Dodged            |    71 |    87 |   156 ||   314

Levels and vault maps discovered:
D:1:      dpeg_arrival_caged_fury, layout_basic
D:2:      layout_rooms, minmay_domino_2
D:3:      layout_basic, nicolae_uskayaw_en_pointe, grunt_temple_overflow_open,
          serial_shops, nicolae_shop_tiny_waterfront,
          minmay_misc_feat_secret_circle, kennysheep_path_1, grunt_ministairs_8
D:4:      layout_rooms
D:5:      layout_gridville, minmay_temple_entry_drinking_statues
D:6:      layout_basic, mainiacjoe_overflow_24_doors,
          gammafunk_temple_overflow_pools,
          mainiacjoe_overflow_concentric_impassable,
          mainiacjoe_overflow_catch_the_wave, portal_sewer_entry_d
D:7:      layout_cave_pools, serial_bayou_pond_d, kennysheep_generic_room_10
D:8:      layout_cave_pools, kennysheep_slug_shrine, david_lair_shrubbed,
          serial_shops, nicolae_take_the_stairs

Notes
Turn   | Place    | Note
-------+----------+-------------------------------------------
     0 | D:1      | scionoferis the Hill Orc Monk began the quest for the Orb.
     0 | D:1      | Reached XP level 1. HP: 19/19 MP: 1/1
     1 | D:1      | Found a runed translucent door.
   178 | D:1      | Reached XP level 2. HP: 19/27 MP: 2/2
   270 | D:1      | Reached skill level 4 in Fighting
   590 | D:1      | Reached skill level 5 in Axes
   592 | D:1      | Reached XP level 3. HP: 33/33 MP: 3/3
  1155 | D:2      | Reached XP level 4. HP: 41/41 MP: 4/4
  1446 | D:1      | Reached skill level 6 in Axes
  1593 | D:3      | Found Keckoergh's Magic Scroll Boutique.
  1620 | D:3      | Found a sacrificial altar of Ru.
  1620 | D:3      | Found an ornate altar of the Wu Jian Council.
  1636 | D:3      | Reached XP level 5. HP: 37/47 MP: 5/5
  1810 | D:3      | Found a hide-covered altar of Uskayaw.
  1810 | D:3      | Noticed a +0 short sword
  1810 | D:3      | Noticed a +0 falchion
  1810 | D:3      | Noticed a +0 spear
  1811 | D:3      | Noticed a +0 dagger
  1811 | D:3      | Noticed a +0 spear
  1813 | D:3      | Noticed a +0 short sword
  1813 | D:3      | Noticed a +0 dagger
  1813 | D:3      | Noticed a +0 falchion
  2195 | D:3      | Reached skill level 5 in Fighting
  2214 | D:3      | Reached skill level 7 in Axes
  2755 | D:4      | Reached XP level 6. HP: 35/56 MP: 6/6
  3030 | D:4      | You are sucked into a shaft and drop 1 floor!
  3030 | D:5      | Entered Level 5 of the Dungeon
  3104 | D:5      | Reached skill level 8 in Axes
  3215 | D:5      | Noticed an ice beast
  3229 | D:5      | Gained mutation: Your spells are a little harder to cast,
                  | but a little more powerful. [potion of mutation]
  3229 | D:5      | Gained mutation: You passively map a small area around you.
                  | [potion of mutation]
  3230 | D:5      | Identified 2 potions of resistance
  3238 | D:5      | Killed an ice beast
  3239 | D:5      | Reached skill level 6 in Fighting
  3239 | D:5      | Reached XP level 7. HP: 28/63 MP: 7/7
  3399 | D:5      | Found a staircase to the Ecumenical Temple.
  3434 | D:4      | Reached skill level 9 in Axes
  3867 | D:5      | Became a worshipper of Beogh the Brigand
  3867 | D:5      | Reached * piety under Beogh
  3867 | D:5      | Reached ** piety under Beogh
  4297 | D:3      | Bought a scroll of fear for 40 gold pieces
  4297 | D:3      | Bought a scroll of teleportation for 30 gold pieces
  4297 | D:3      | Bought a scroll of enchant armour for 75 gold pieces
  4297 | D:3      | Bought a scroll of enchant weapon for 75 gold pieces
  4449 | D:6      | Reached skill level 1 in Evocations
  4457 | D:6      | Noticed a yak
  4457 | D:6      | Noticed a yak
  4457 | D:6      | Noticed a yak
  4538 | D:6      | Reached skill level 1 in Armour
  4538 | D:6      | Reached XP level 8. HP: 60/71 MP: 8/8
  4554 | D:6      | Found a shimmering blue altar of Sif Muna.
  4579 | D:6      | Found an iron altar of Okawaru.
  4648 | D:6      | Found a glowing drain.
  4701 | Sewer    | Entered a sewer
  4815 | Sewer    | Reached skill level 10 in Axes
  4866 | Sewer    | Reached skill level 7 in Fighting
  4866 | Sewer    | Reached skill level 2 in Evocations
  5184 | D:6      | Killed a yak
  5185 | D:6      | Reached skill level 2 in Armour
  5185 | D:6      | Reached skill level 3 in Evocations
  5403 | D:5      | Killed a yak
  5640 | D:6      | Identified the +3 dagger of Atidwaom {freeze, rElec Str+6
                  | Dex+5}
  5735 | D:6      | Found an ancient bone altar of Kikubaaqudgha.
  5815 | D:6      | HP: 7/73 [poisoned by a water moccasin]
  6048 | D:6      | Killed a yak
  6049 | D:6      | Reached skill level 11 in Axes
  6049 | D:6      | Reached skill level 4 in Evocations
  6183 | D:6      | Reached skill level 3 in Armour
  6183 | D:6      | Reached XP level 9. HP: 76/79 MP: 9/9
  6478 | D:6      | Reached *** piety under Beogh
  6624 | D:6      | Found a burning altar of Makhleb.
  6624 | D:6      | Found a basalt altar of Yredelemnul.
  7108 | D:6      | Found a glowing silver altar of Zin.
  7509 | D:3      | Bought a scroll of vulnerability for 40 gold pieces
  7509 | D:3      | Bought a scroll of identify for 20 gold pieces
  7671 | D:6      | Reached skill level 5 in Evocations
  7784 | D:7      | Reached skill level 8 in Fighting
  7790 | D:7      | Noticed a skeletal warrior
  7795 | D:7      | Noticed a skeletal warrior
  8037 | D:8      | Found a snail-covered altar of Cheibriados.
  8283 | D:8      | Noticed a red ugly thing
  8300 | D:8      | Mangled by a red ugly thing

Vanquished Creatures
  A wyvern (D:8)
  3 yaks (D:6 D:5)
  3 ice beasts (D:5 D:6)
  2 black bears (D:4 D:6)
  2 phantoms (D:5 D:7)
  3 kobold brigands (Sewer D:6)
  A bullfrog (D:6)
  A scorpion (D:4)
  A howler monkey (D:6)
  4 hounds (D:3 D:6 D:7)
  An orc priest (D:6)
  A jelly (D:6)
  3 iguanas (D:5 D:6)
  8 orc wizards (D:3 D:5 D:6)
  A sleepcap (D:6)
  3 gnolls (D:6)
  11 adders (D:1 D:2 D:3 D:4 D:6)
  2 ufetubi (D:4 D:5)
  4 worms (D:1 D:4 D:5)
  6 dart slugs (D:1 D:2 D:3 D:4 D:8)
  21 orcs (D:3 D:5 D:6)
  8 endoplasms (D:1 D:2 Sewer)
  6 giant cockroaches (D:2 D:1 Sewer)
  7 hobgoblins (D:1 D:3 D:4)
  10 jackals (D:1 D:2)
  21 kobolds (D:1 D:2 D:3 D:4 Sewer)
  2 quokkas (D:1)
  6 ball pythons (D:1 D:3 D:4)
  4 bats (D:1 D:2 D:3)
  6 frilled lizards (D:1 D:2)
  6 goblins (D:1 D:2 D:3)
  7 rats (D:1 D:3 Sewer)
165 creatures vanquished.

Vanquished Creatures (collateral kills)
  A water moccasin (D:6)
  A gnoll sergeant (D:6)
  2 howler monkeys (D:6)
  A sleepcap (D:7)
  An orc wizard (D:6)
  A gnoll (D:6)
  An orc (D:6)
8 creatures vanquished.

Vanquished Creatures (others)
  An orc priest (D:7)
  An orc (D:7)
2 creatures vanquished.

Grand Total: 175 creatures vanquished

Table legend: (Time is in decaauts)
 A = Elapsed time spent in this place.
 B = Non-inter-level travel time spent in this place.
 C = Inter-level travel time spent in this place.
 D = Time resting spent in this place.
 E = Time spent auto-exploring this place.
 F = Levels seen in this place.
 G = Mean time per level.
                   A        B        C        D        E       F      G
               +--------+--------+--------+--------+--------+-----+--------+
         Total |   8215 |   7584 |    631 |   2010 |   3326 |   9 |  912.8 |
       Dungeon |   7797 |   7166 |    631 |   1961 |   3326 |   8 |  974.6 |
         Sewer |    418 |    418 |      0 |     49 |      0 |   1 |  418.0 |
               +--------+--------+--------+--------+--------+-----+--------+

Top non-repeatable levels by time:
     D:6: 1880 daAuts
     D:5: 1747 daAuts
     D:3: 1385 daAuts
     D:1: 1060 daAuts
     D:4: 631 daAuts
     D:2: 516 daAuts
     D:8: 453 daAuts
   Sewer: 418 daAuts
     D:7: 122 daAuts

Table legend:
 A = Non-vault XP
 B = Vault XP
 C = Vault XP percentage of total XP
 D = Non-vault monster count
 E = Vault monster count
 F = Vault count percentage of total count
                 A         B        C        D         E       F
            +---------+---------+-------+---------+---------+-------
      Total |    3153 |     361 |  10.3 |     137 |      36 |  20.8
            +---------+---------+-------+---------+---------+-------
        D:1 |      52 |      29 |  35.8 |      25 |      12 |  32.4
        D:2 |      42 |       2 |   4.5 |      16 |       1 |   5.9
        D:3 |     152 |       6 |   3.8 |      21 |       2 |   8.7
        D:4 |     277 |       0 |   0.0 |      14 |       0 |   0.0
        D:5 |     607 |       0 |   0.0 |      15 |       0 |   0.0
        D:6 |    1745 |      14 |   0.8 |      43 |       1 |   2.3
        D:7 |      68 |      85 |  55.6 |       2 |       1 |  33.3
        D:8 |     210 |       4 |   1.9 |       1 |       1 |  50.0
      Sewer |       0 |     221 | 100.0 |       0 |      18 | 100.0
            +---------+---------+-------+---------+---------+-------
